CHICAGO Blackhawks vs FLORIDA Panthers

Created - 20 février 2024 at 18:11

Goals
1 2 3 OT1 T
CHICAGO Blackhawks 1 2 1 0 4
FLORIDA Panthers 0 0 4 1 5
Shots
1 2 3 OT1 T
CHICAGO Blackhawks 10 6 14 2 32
FLORIDA Panthers 13 12 14 5 44

1st period

1. CHICAGO Blackhawks , Aaron Ekblad 4 (Eric Robinson 3, Tom Wilson 3) at 13:14

Penalties :
Josh Morrissey (FLO) for Hooking (Minor) at 0:15, Matthew Tkachuk (FLO) for Slashing (Minor) at 4:44, Aaron Ekblad (CHI) for Holding (Minor) at 10:26

2nd period

2. CHICAGO Blackhawks , Erik Johnson 3 (Conor Sheary 7, Jake Walman 5) at 10:03
3. CHICAGO Blackhawks , Teuvo Teravainen 6 (Jonathan Toews 7, Marcus Foligno 4) at 18:03

Penalties :
Vincent Trocheck (FLO) for Interference (Minor) at 4:28, Jonathan Toews (CHI) for High sticking (Minor) at 15:38, Aaron Ekblad (CHI) for Roughing (Minor) at 18:18, Erik Johnson (CHI) for Slashing (Minor) at 19:37

3rd period

4. FLORIDA Panthers , Carter Verhaeghe 4 (Dougie Hamilton 7) at 4:03
5. CHICAGO Blackhawks , Trent Frederic 2 (Nicolas Hague 5, Tom Wilson 4) at 4:56
6. FLORIDA Panthers , Josh Morrissey 3 (Matthew Tkachuk 10, Steven Stamkos 7) at 7:09
7. FLORIDA Panthers , Steven Stamkos 5 (Matthew Tkachuk 11, Brady Skjei 10) at 8:03
8. FLORIDA Panthers , Jordan Martinook 3 (Ryan McLeod 1) at 12:17

Penalties :
Adam Henrique (FLO) for Holding (Minor) at 9:52

Overtime #1

9. FLORIDA Panthers , Eetu Luostarinen 4 (Dougie Hamilton 8, Vincent Trocheck 8) at 4:42

Penalties :
No Penalty

Goalie Stats

Frederik Andersen (CHI), 39 saves from 44 shots - (0,886), OTL, 4-7-2, 64:43 minutes
Darcy Kuemper (FLO), 28 saves from 32 shots - (0,875), W, 9-3-2, 64:43 minutes

Players Stats for CHICAGO Blackhawks

Player Name              G  A  P  +/- PIM S  H  SB GA TA FO     MP     PP MP  PK MP  
------------------------------------------------------------------------------------
Aaron Ekblad             1  0  1  -2  4   4  1  3  0  0  0/0    26:40   4:09   1:32 
Brett Ritchie            0  0  0   0  0   0  0  0  0  0  0/0     0:02   0:02   0:00 
Conor Sheary             0  1  1  -3  0   4  2  2  0  0  0/0    23:11   4:09   3:46 
Eric Robinson            0  1  1   1  0   3  1  0  0  0  0/0    13:01   0:00   0:00 
Erik Johnson             1  0  1   0  2   1  1  2  0  0  0/0    20:18   3:45   2:28 
Jake Walman              0  1  1   0  0   1  0  1  0  0  0/0    21:02   3:45   3:12 
Jonathan Toews           0  1  1   1  2   2  1  0  0  0  13/23  22:15   3:47   0:11 
Josh Manson              0  0  0   1  0   0  0  4  0  0  0/0    17:53   0:02   3:26 
Marcus Foligno           0  1  1   1  0   1  2  0  0  0  1/2    19:33   3:45   0:00 
Matt Roy                 0  0  0  -2  0   3  4  0  0  0  0/0    24:43   4:09   3:50 
Nicolas Hague            0  1  1   2  0   1  1  1  0  0  0/0    14:04   0:02   0:03 
Patrick Kane             0  0  0  -2  0   1  1  1  0  0  5/17   24:56   4:09   4:48 
Ryan Johansen            0  0  0  -3  0   0  1  0  0  0  11/27  21:11   4:09   1:46 
Taylor Raddysh           0  0  0   0  0   1  1  0  0  0  0/0     2:56   0:00   0:00 
Teuvo Teravainen         1  0  1   1  0   6  0  0  0  0  1/1    24:30   3:47   2:25 
Tom Wilson               0  2  2   1  0   1  3  0  0  0  0/1    13:01   0:00   0:00 
Trent Frederic           1  0  1   1  0   3  4  1  0  0  6/16   13:57   0:00   0:56 
Tyler Motte              0  0  0   0  0   0  0  0  0  0  0/0     2:56   0:00   0:00 

Players Stats for FLORIDA Panthers

Player Name              G  A  P  +/- PIM S  H  SB GA TA FO     MP     PP MP  PK MP  
------------------------------------------------------------------------------------
Adam Henrique            0  0  0  -3  2   0  0  0  0  0  7/15   13:06   0:00   1:32 
Brady Skjei              0  1  1   1  0   4  4  0  0  0  0/0    24:45   2:53   4:32 
Brandon Saad             0  0  0   1  0   1  0  0  0  0  0/0    16:50   3:31   0:00 
Brock Nelson             0  0  0   1  0   5  2  0  0  0  3/7    26:49   3:31   5:12 
Carter Verhaeghe         1  0  1   1  0   6  0  0  0  0  0/0    17:04   3:45   0:00 
Connor Murphy            0  0  0  -2  0   1  0  2  0  0  0/0    19:19   0:00   3:58 
Derek Grant              0  0  0   1  0   1  0  0  0  0  1/3     4:50   0:00   0:00 
Dougie Hamilton          0  2  2   2  0   2  2  1  0  0  0/0    20:51   4:23   0:22 
Eetu Luostarinen         1  0  1  -2  0   5  1  0  0  0  2/3    16:43   0:00   3:44 
Jordan Martinook         1  0  1   1  0   2  1  1  0  0  0/0     8:02   0:00   0:54 
Josh Morrissey           1  0  1   1  2   2  0  1  0  0  0/0    25:18   4:23   2:52 
Matt Irwin               0  0  0  -2  0   0  0  0  0  0  0/0    12:27   0:00   0:00 
Matthew Tkachuk          0  2  2   1  2   3  4  0  0  0  3/3    18:48   3:45   0:00 
Ryan McDonagh            0  0  0   1  0   3  1  0  0  0  0/0    22:02   2:53   4:08 
Ryan McLeod              0  1  1   1  0   2  0  0  0  0  1/2     4:50   0:00   0:00 
Steven Stamkos           1  1  2   1  0   2  1  1  0  0  15/23  19:58   3:45   1:09 
Vincent Trocheck         0  1  1   2  2   4  3  0  0  0  17/30  22:52   3:31   3:21 
Yegor Sharangovich       0  0  0  -3  0   1  1  0  0  0  1/1    11:35   0:00   0:00 

3 Stars

1 - Steven Stamkos (FLO)
2 - Dougie Hamilton (FLO)
3 - Trent Frederic (CHI)

Power Play

CHICAGO Blackhawks - 0 on 4 Attempt(s) - 0,00%
FLORIDA Panthers - 0 on 4 Attempt(s) - 0,00%

Penalty Kill

CHICAGO Blackhawks - 4 on 4 Attempt(s) - 100,00% - Score 0 goal in Penalty Kill
FLORIDA Panthers - 4 on 4 Attempt(s) - 100,00% - Score 0 goal in Penalty Kill

Team Stat

CHICAGO Blackhawks - Hits : 23 - Faceoff Wins : 37 - Blocked Shots : 15 - Penalty Minutes : 8
FLORIDA Panthers - Hits : 20 - Faceoff Wins : 50 - Blocked Shots : 6 - Penalty Minutes : 8

Official

Referees : Garrett Rank and Tom Chmielewski
Linesman : Andrew Smith and Jonathan Deschamps

Game Notes

No Game Note

Finance

Level 1 -- Attendance: 4616 (72,69%) -- Ticket Income $461,600
Level 2 -- Attendance: 5200 (100,00%) -- Ticket Income $296,400
Level 3 -- Attendance: 2440 (81,33%) -- Ticket Income $78,080
Level 4 -- Attendance: 4110 (89,35%) -- Ticket Income $82,200
Luxury Box -- Attendance: 945 (92,20%) -- Ticket Income $184,275
Game was played at the BB-T Center.
Total Attendance: 17311 (85,80%)
Total Ticket Income: $1,102,555
Other Income: $275,639
Total Income: $1,378,194

CHICAGO Blackhawks

5 vs 5 Forward 
   Center                   Left Wing                Right Wing               Time % Phy DF OF 
 1 Ryan Johansen            Conor Sheary             Patrick Kane             40     1   2  2  
 2 Jonathan Toews           Teuvo Teravainen         Marcus Foligno           30     1   2  2  
 3 Trent Frederic           Eric Robinson            Tom Wilson               20     1   2  2  
 4 Patrick Kane             Tyler Motte              Taylor Raddysh           10     1   2  2  

5 vs 5 Defense 
   Defense                  Defense                                           Time % Phy DF OF 
 1 Aaron Ekblad             Matt Roy                                          40     1   2  2  
 2 Erik Johnson             Jake Walman                                       30     1   2  2  
 3 Nicolas Hague            Josh Manson                                       20     1   2  2  
 4 Aaron Ekblad             Matt Roy                                          10     1   2  2  

PowerPlay Forward 
   Center                   Left Wing                Right Wing               Time % Phy DF OF 
 1 Ryan Johansen            Conor Sheary             Patrick Kane             60     1   2  2  
 2 Jonathan Toews           Teuvo Teravainen         Marcus Foligno           40     1   2  2  

PowerPlay Defense
   Defense                  Defense                                           Time % Phy DF OF 
 1 Aaron Ekblad             Matt Roy                                          60     1   2  2  
 2 Erik Johnson             Jake Walman                                       40     1   2  2  

Penalty Kill 4 Players Forward 
   Center                   Wing                     Time % Phy DF OF 
 1 Patrick Kane             Conor Sheary             60     1   2  2  
 2 Teuvo Teravainen         Ryan Johansen            40     1   2  2  

Penalty Kill 4 Players Defense
   Defense                  Defense                  Time % Phy DF OF 
 1 Aaron Ekblad             Matt Roy                 60     1   2  2  
 2 Erik Johnson             Jake Walman              40     1   2  2  

Penalty Kill - 3 Players Forward 
   Forward                                           Time % Phy DF OF 
 1 Patrick Kane                                      60     1   2  2  
 2 Conor Sheary                                      40     1   2  2  

Penalty Kill - 3 Players Defense
   Defense                  Defense                  Time % Phy DF OF 
 1 Aaron Ekblad             Matt Roy                 60     1   2  2  
 2 Erik Johnson             Jake Walman              40     1   2  2  

4 vs 4 Forward 
   Center                   Wing                     Time % Phy DF OF 
 1 Patrick Kane             Conor Sheary             60     1   2  2  
 2 Teuvo Teravainen         Ryan Johansen            40     1   2  2  

4 vs 4 Defense
   Defense                  Defense                  Time % Phy DF OF 
 1 Aaron Ekblad             Matt Roy                 60     1   2  2  
 2 Erik Johnson             Jake Walman              40     1   2  2  

Last Minutes Offensive
   Center                   Left Wing                Right Wing               Defense                  Defense                  
   Ryan Johansen            Conor Sheary             Patrick Kane             Aaron Ekblad             Matt Roy                 

Last Minutes Defensive
   Center                   Left Wing                Right Wing               Defense                  Defense                  
   Ryan Johansen            Conor Sheary             Patrick Kane             Aaron Ekblad             Matt Roy                 

Goaltenders
Starting : Frederik Andersen        
Backup : James Reimer             

Extra Forwards
Normal : Brett Ritchie, Eric Robinson, Trent Frederic - PP : Brett Ritchie, Eric Robinson - PK : Trent Frederic
Extra Defensemen
Normal : Nicolas Hague, Josh Manson, Erik Johnson - PP : Nicolas Hague - PK : Josh Manson, Erik Johnson
Penalty Shots
Patrick Kane, Conor Sheary, Teuvo Teravainen, Ryan Johansen, Jonathan Toews

Scratches
Jakub Vrana (Healthy)

FLORIDA Panthers

5 vs 5 Forward 
   Center                   Left Wing                Right Wing               Time % Phy DF OF 
 1 Steven Stamkos           Brock Nelson             Matthew Tkachuk          40     1   2  2  
 2 Vincent Trocheck         Carter Verhaeghe         Brandon Saad             30     1   2  2  
 3 Adam Henrique            Eetu Luostarinen         Yegor Sharangovich       20     1   2  2  
 4 Derek Grant              Ryan McLeod              Jordan Martinook         10     1   2  2  

5 vs 5 Defense 
   Defense                  Defense                                           Time % Phy DF OF 
 1 Josh Morrissey           Brady Skjei                                       40     1   2  2  
 2 Dougie Hamilton          Ryan McDonagh                                     30     1   2  2  
 3 Connor Murphy            Matt Irwin                                        20     1   3  1  
 4 Josh Morrissey           Ryan McDonagh                                     10     1   2  2  

PowerPlay Forward 
   Center                   Left Wing                Right Wing               Time % Phy DF OF 
 1 Steven Stamkos           Carter Verhaeghe         Matthew Tkachuk          60     1   1  3  
 2 Vincent Trocheck         Brock Nelson             Brandon Saad             40     1   1  3  

PowerPlay Defense
   Defense                  Defense                                           Time % Phy DF OF 
 1 Josh Morrissey           Dougie Hamilton                                   60     1   2  2  
 2 Brady Skjei              Ryan McDonagh                                     40     1   2  2  

Penalty Kill 4 Players Forward 
   Center                   Wing                     Time % Phy DF OF 
 1 Vincent Trocheck         Brock Nelson             60     1   3  1  
 2 Adam Henrique            Eetu Luostarinen         40     1   4  0  

Penalty Kill 4 Players Defense
   Defense                  Defense                  Time % Phy DF OF 
 1 Ryan McDonagh            Brady Skjei              60     1   2  2  
 2 Connor Murphy            Josh Morrissey           40     1   2  2  

Penalty Kill - 3 Players Forward 
   Forward                                           Time % Phy DF OF 
 1 Eetu Luostarinen                                  60     1   4  0  
 2 Vincent Trocheck                                  40     1   2  2  

Penalty Kill - 3 Players Defense
   Defense                  Defense                  Time % Phy DF OF 
 1 Connor Murphy            Ryan McDonagh            60     1   2  2  
 2 Brady Skjei              Josh Morrissey           40     1   2  2  

4 vs 4 Forward 
   Center                   Wing                     Time % Phy DF OF 
 1 Steven Stamkos           Matthew Tkachuk          60     1   2  2  
 2 Vincent Trocheck         Brock Nelson             40     1   2  2  

4 vs 4 Defense
   Defense                  Defense                  Time % Phy DF OF 
 1 Josh Morrissey           Ryan McDonagh            60     1   2  2  
 2 Brady Skjei              Dougie Hamilton          40     1   2  2  

Last Minutes Offensive
   Center                   Left Wing                Right Wing               Defense                  Defense                  
   Steven Stamkos           Brock Nelson             Matthew Tkachuk          Josh Morrissey           Dougie Hamilton          

Last Minutes Defensive
   Center                   Left Wing                Right Wing               Defense                  Defense                  
   Vincent Trocheck         Brock Nelson             Brandon Saad             Ryan McDonagh            Brady Skjei              

Goaltenders
Starting : Darcy Kuemper            
Backup : Cayden Primeau           

Extra Forwards
Normal : Matthew Tkachuk, Adam Henrique, Eetu Luostarinen - PP : Yegor Sharangovich, Adam Henrique - PK : Eetu Luostarinen
Extra Defensemen
Normal : Connor Murphy, Dougie Hamilton, Brady Skjei - PP : Dougie Hamilton - PK : Ryan McDonagh, Brady Skjei
Penalty Shots
Steven Stamkos, Matthew Tkachuk, Brock Nelson, Vincent Trocheck, Carter Verhaeghe

Scratches
None


% Time on Ice - CHICAGO Blackhawks

Lines # - Real PCT - Wanted PCT - Time Play
Normal Forward
1 - 29% - 40% - 13:03
2 - 35% - 30% - 15:48
3 - 29% - 20% - 13:01
4 - 7% - 10% - 2:56
Normal Defense
1 - 38% - 40% - 16:55
2 - 31% - 30% - 14:05
3 - 29% - 20% - 13:10
4 - 1% - 10% - 0:38
PP Forward
1 - 52% - 60% - 4:09
2 - 48% - 40% - 3:47
PP Defense
1 - 52% - 60% - 4:09
2 - 48% - 40% - 3:47
PK Forward
1 - 73% - 60% - 4:50
2 - 27% - 40% - 1:46
PK Defense
1 - 65% - 60% - 4:19
2 - 35% - 40% - 2:17
PK3 Forward
1 - 100% - 60% - 0:40
2 - 0% - 40% - 0:00
PK3 Defense
1 - 55% - 60% - 0:22
2 - 45% - 40% - 0:18
44 Forward
1 - 0% - 60%
2 - 0% - 40%
44 Defense
1 - 0% - 60%
2 - 0% - 40%
Last Minute Offensive  - 0:00
Last Minute Defensive  - 0:00
Total
Forward - 60:00
Defense - 60:00

% Time on Ice - FLORIDA Panthers

Lines # - Real PCT - Wanted PCT - Time Play
Normal Forward
1 - 34% - 40% - 15:04
2 - 30% - 30% - 13:19
3 - 26% - 20% - 11:35
4 - 11% - 10% - 4:50
Normal Defense
1 - 39% - 40% - 17:20
2 - 32% - 30% - 14:17
3 - 28% - 20% - 12:27
4 - 2% - 10% - 0:44
PP Forward
1 - 52% - 60% - 3:45
2 - 48% - 40% - 3:31
PP Defense
1 - 60% - 60% - 4:23
2 - 40% - 40% - 2:53
PK Forward
1 - 71% - 60% - 5:36
2 - 29% - 40% - 2:20
PK Defense
1 - 50% - 60% - 3:58
2 - 50% - 40% - 3:58
PK3 Forward
1 - 0% - 60%
2 - 0% - 40%
PK3 Defense
1 - 0% - 60%
2 - 0% - 40%
44 Forward
1 - 0% - 60%
2 - 0% - 40%
44 Defense
1 - 0% - 60%
2 - 0% - 40%
Last Minute Offensive  - 0:00
Last Minute Defensive  - 0:00
Total
Forward - 60:00
Defense - 60:00

Play-by-Play

1st period


0:01 of 1st period - Ryan Johansen wins face-off versus Steven Stamkos in neutral zone.
0:15 of 1st period - Minor Penalty to Josh Morrissey for Hooking.
0:16 of 1st period - Jonathan Toews wins face-off versus Vincent Trocheck in FLORIDA Panthers zone.
1:27 of 1st period - Shot by Matt Roy.
1:27 of 1st period - Stopped by Darcy Kuemper without a rebound.
1:28 of 1st period - Ryan Johansen wins face-off versus Adam Henrique in FLORIDA Panthers zone.
1:28 of 1st period - Matt Roy is hit by Brady Skjei and loses puck.
1:35 of 1st period - Aaron Ekblad is hit by Eetu Luostarinen and loses puck.
2:12 of 1st period - Shot by Teuvo Teravainen.
2:12 of 1st period - Shot Blocked by Connor Murphy.
3:26 of 1st period - Shot by Eetu Luostarinen.
3:26 of 1st period - Stopped by Frederik Andersen without a rebound.
3:27 of 1st period - Vincent Trocheck wins face-off versus Jonathan Toews in CHICAGO Blackhawks zone.
3:36 of 1st period - Shot by Carter Verhaeghe.
3:36 of 1st period - Stopped by Frederik Andersen with a rebound.
3:38 of 1st period - Shot by Josh Morrissey.
3:38 of 1st period - Stopped by Frederik Andersen without a rebound.
3:39 of 1st period - Steven Stamkos wins face-off versus Ryan Johansen in CHICAGO Blackhawks zone.
3:40 of 1st period - Shot by Brock Nelson.
3:40 of 1st period - Stopped by Frederik Andersen without a rebound.
3:41 of 1st period - Steven Stamkos wins face-off versus Ryan Johansen in CHICAGO Blackhawks zone.
3:54 of 1st period - Shot by Matthew Tkachuk.
3:54 of 1st period - Shot Misses the Net.
3:56 of 1st period - Shot by Matthew Tkachuk.
3:56 of 1st period - Stopped by Frederik Andersen without a rebound.
3:57 of 1st period - Vincent Trocheck wins face-off versus Jonathan Toews in CHICAGO Blackhawks zone.
4:35 of 1st period - Shot by Brady Skjei.
4:35 of 1st period - Shot Blocked by Jake Walman.
4:42 of 1st period - Shot by Brandon Saad.
4:42 of 1st period - Stopped by Frederik Andersen without a rebound.
4:43 of 1st period - Ryan Johansen wins face-off versus Steven Stamkos in CHICAGO Blackhawks zone.
4:43 of 1st period - Matt Roy is hit by Steven Stamkos and loses puck.
4:44 of 1st period - Minor Penalty to Matthew Tkachuk for Slashing.
4:45 of 1st period - Vincent Trocheck wins face-off versus Ryan Johansen in FLORIDA Panthers zone.
4:47 of 1st period - Ryan McDonagh is hit by Conor Sheary and loses puck.
5:05 of 1st period - Shot by Conor Sheary.
5:05 of 1st period - Shot Misses the Net.
5:23 of 1st period - Eetu Luostarinen is hit by Conor Sheary and loses puck.
5:48 of 1st period - Shot by Jake Walman.
5:48 of 1st period - Shot Misses the Net.
5:50 of 1st period - Shot by Jake Walman.
5:50 of 1st period - Deflect By Jonathan Toews.
5:50 of 1st period - Stopped by Darcy Kuemper with a rebound.
6:38 of 1st period - Shot by Ryan Johansen.
6:38 of 1st period - Shot Misses the Net.
6:40 of 1st period - Shot by Matt Roy.
6:40 of 1st period - Stopped by Darcy Kuemper without a rebound.
6:41 of 1st period - Vincent Trocheck wins face-off versus Marcus Foligno in FLORIDA Panthers zone.
7:56 of 1st period - Shot by Brock Nelson.
7:56 of 1st period - Stopped by Frederik Andersen without a rebound.
7:57 of 1st period - Vincent Trocheck wins face-off versus Ryan Johansen in CHICAGO Blackhawks zone.
8:07 of 1st period - Off-side.
8:08 of 1st period - Ryan Johansen wins face-off versus Adam Henrique in neutral zone.
8:18 of 1st period - Icing by Eetu Luostarinen.
8:19 of 1st period - Jonathan Toews wins face-off versus Adam Henrique in FLORIDA Panthers zone.
8:50 of 1st period - Shot by Aaron Ekblad.
8:50 of 1st period - Stopped by Darcy Kuemper without a rebound.
8:51 of 1st period - Steven Stamkos wins face-off versus Ryan Johansen in FLORIDA Panthers zone.
9:08 of 1st period - Matthew Tkachuk is hit by Ryan Johansen and loses puck.
9:17 of 1st period - Shot by Steven Stamkos.
9:17 of 1st period - Shot Blocked by Conor Sheary.
9:19 of 1st period - Shot by Dougie Hamilton.
9:19 of 1st period - Shot Misses the Net.
10:10 of 1st period - Brady Skjei is hit by Matt Roy and loses puck.
10:26 of 1st period - Minor Penalty to Aaron Ekblad for Holding.
10:27 of 1st period - Trent Frederic wins face-off versus Steven Stamkos in CHICAGO Blackhawks zone.
10:27 of 1st period - Trent Frederic is hit by Matthew Tkachuk.
11:12 of 1st period - Jonathan Toews is hit by Brock Nelson and loses puck.
11:17 of 1st period - Shot by Vincent Trocheck.
11:17 of 1st period - Stopped by Frederik Andersen without a rebound.
11:18 of 1st period - Patrick Kane wins face-off versus Vincent Trocheck in CHICAGO Blackhawks zone.
11:41 of 1st period - Shot by Ryan McDonagh.
11:41 of 1st period - Stopped by Frederik Andersen with a rebound.
12:18 of 1st period - Shot by Dougie Hamilton.
12:18 of 1st period - Shot Blocked by Josh Manson.
12:33 of 1st period - Icing by Aaron Ekblad.
12:34 of 1st period - Adam Henrique wins face-off versus Trent Frederic in CHICAGO Blackhawks zone.
12:59 of 1st period - Shot by Connor Murphy.
12:59 of 1st period - Shot Blocked by Trent Frederic.
13:12 of 1st period - Shot by Eric Robinson.
13:12 of 1st period - Shot Misses the Net.
13:14 of 1st period - Shot by Aaron Ekblad.
13:14 of 1st period - Goal by Aaron Ekblad - CHICAGO Blackhawks : 1 - FLORIDA Panthers : 0.
13:15 of 1st period - Brock Nelson wins face-off versus Ryan Johansen in neutral zone.
13:42 of 1st period - Shot by Conor Sheary.
13:42 of 1st period - Shot Misses the Net.
14:11 of 1st period - Jonathan Toews is hit by Brady Skjei and loses puck.
14:45 of 1st period - Off-side.
14:46 of 1st period - Adam Henrique wins face-off versus Trent Frederic in neutral zone.
14:46 of 1st period - Adam Henrique is hit by Trent Frederic.
14:58 of 1st period - Shot by Tom Wilson.
14:58 of 1st period - Stopped by Darcy Kuemper with a rebound.
15:02 of 1st period - Shot by Eric Robinson.
15:02 of 1st period - Stopped by Darcy Kuemper without a rebound.
15:03 of 1st period - Derek Grant wins face-off versus Ryan Johansen in FLORIDA Panthers zone.
15:07 of 1st period - Off-side.
15:08 of 1st period - Ryan Johansen wins face-off versus Steven Stamkos in neutral zone.
15:30 of 1st period - Shot by Conor Sheary.
15:30 of 1st period - Stopped by Darcy Kuemper with a rebound.
15:32 of 1st period - Shot by Conor Sheary.
15:32 of 1st period - Shot Misses the Net.
15:44 of 1st period - Shot by Conor Sheary.
15:44 of 1st period - Shot Misses the Net.
16:26 of 1st period - Dougie Hamilton is hit by Matt Roy and loses puck.
16:38 of 1st period - Off-side.
16:39 of 1st period - Yegor Sharangovich wins face-off versus Trent Frederic in neutral zone.
17:03 of 1st period - Shot by Adam Henrique.
17:03 of 1st period - Shot Blocked by Nicolas Hague.
17:05 of 1st period - Shot by Yegor Sharangovich.
17:05 of 1st period - Shot Misses the Net.
17:43 of 1st period - Shot by Ryan McDonagh.
17:43 of 1st period - Shot Blocked by Conor Sheary.
17:47 of 1st period - Shot by Carter Verhaeghe.
17:47 of 1st period - Stopped by Frederik Andersen without a rebound.
17:48 of 1st period - Steven Stamkos wins face-off versus Jonathan Toews in CHICAGO Blackhawks zone.
18:07 of 1st period - Shot by Matt Roy.
18:07 of 1st period - Stopped by Darcy Kuemper with a rebound.
18:09 of 1st period - Shot by Teuvo Teravainen.
18:09 of 1st period - Stopped by Darcy Kuemper without a rebound.
18:10 of 1st period - Vincent Trocheck wins face-off versus Ryan Johansen in FLORIDA Panthers zone.
18:44 of 1st period - Shot by Carter Verhaeghe.
18:44 of 1st period - Stopped by Frederik Andersen without a rebound.
18:45 of 1st period - Jonathan Toews wins face-off versus Steven Stamkos in CHICAGO Blackhawks zone.
18:50 of 1st period - Aaron Ekblad is hit by Matthew Tkachuk.
19:17 of 1st period - Shot by Steven Stamkos.
19:17 of 1st period - Shot Misses the Net.
19:23 of 1st period - Shot by Matthew Tkachuk.
19:23 of 1st period - Stopped by Frederik Andersen with a rebound.
19:25 of 1st period - Shot by Brady Skjei.
19:25 of 1st period - Stopped by Frederik Andersen with a rebound.
Goals for this period are 1 for CHICAGO Blackhawks vs 0 for FLORIDA Panthers.
Shots for this period are 10 for CHICAGO Blackhawks vs 13 for FLORIDA Panthers.

2nd period


0:01 of 2nd period - Steven Stamkos wins face-off versus Ryan Johansen in neutral zone.
0:25 of 2nd period - Icing by Aaron Ekblad.
0:26 of 2nd period - Vincent Trocheck wins face-off versus Ryan Johansen in CHICAGO Blackhawks zone.
0:45 of 2nd period - Shot by Conor Sheary.
0:45 of 2nd period - Shot Blocked by Dougie Hamilton.
0:47 of 2nd period - Shot by Conor Sheary.
0:47 of 2nd period - Shot Misses the Net.
1:07 of 2nd period - Shot by Vincent Trocheck.
1:07 of 2nd period - Stopped by Frederik Andersen without a rebound.
1:08 of 2nd period - Steven Stamkos wins face-off versus Trent Frederic in CHICAGO Blackhawks zone.
1:13 of 2nd period - Shot by Matthew Tkachuk.
1:13 of 2nd period - Shot Blocked by Josh Manson.
1:29 of 2nd period - Shot by Steven Stamkos.
1:29 of 2nd period - Stopped by Frederik Andersen without a rebound.
1:30 of 2nd period - Jonathan Toews wins face-off versus Adam Henrique in CHICAGO Blackhawks zone.
3:38 of 2nd period - Ryan Johansen is hit by Ryan McDonagh and loses puck.
4:24 of 2nd period - Ryan McDonagh is hit by Trent Frederic and loses puck.
4:28 of 2nd period - Minor Penalty to Vincent Trocheck for Interference.
4:29 of 2nd period - Eetu Luostarinen wins face-off versus Jonathan Toews in FLORIDA Panthers zone.
5:09 of 2nd period - Shot by Marcus Foligno.
5:09 of 2nd period - Stopped by Darcy Kuemper without a rebound.
5:10 of 2nd period - Eetu Luostarinen wins face-off versus Jonathan Toews in FLORIDA Panthers zone.
6:01 of 2nd period - Shot by Aaron Ekblad.
6:01 of 2nd period - Shot Misses the Net.
6:03 of 2nd period - Shot by Matt Roy.
6:03 of 2nd period - Shot Blocked by Josh Morrissey.
6:05 of 2nd period - Shot by Matt Roy.
6:05 of 2nd period - Shot Misses the Net.
6:07 of 2nd period - Shot by Conor Sheary.
6:07 of 2nd period - Shot Blocked by Connor Murphy.
6:39 of 2nd period - Shot by Carter Verhaeghe.
6:39 of 2nd period - Stopped by Frederik Andersen without a rebound.
6:40 of 2nd period - Trent Frederic wins face-off versus Vincent Trocheck in CHICAGO Blackhawks zone.
6:40 of 2nd period - Eric Robinson is hit by Vincent Trocheck and loses puck.
6:59 of 2nd period - Shot by Trent Frederic.
6:59 of 2nd period - Stopped by Darcy Kuemper without a rebound.
7:00 of 2nd period - Patrick Kane wins face-off versus Derek Grant in FLORIDA Panthers zone.
7:03 of 2nd period - Shot by Taylor Raddysh.
7:03 of 2nd period - Stopped by Darcy Kuemper with a rebound.
9:26 of 2nd period - Shot by Aaron Ekblad.
9:26 of 2nd period - Stopped by Darcy Kuemper without a rebound.
9:27 of 2nd period - Adam Henrique wins face-off versus Ryan Johansen in FLORIDA Panthers zone.
10:03 of 2nd period - Shot by Erik Johnson.
10:03 of 2nd period - Goal by Erik Johnson - CHICAGO Blackhawks : 2 - FLORIDA Panthers : 0.
10:04 of 2nd period - Trent Frederic wins face-off versus Vincent Trocheck in neutral zone.
11:35 of 2nd period - Shot by Steven Stamkos.
11:35 of 2nd period - Deflect By Matthew Tkachuk.
11:35 of 2nd period - Shot Blocked by Erik Johnson.
11:37 of 2nd period - Shot by Steven Stamkos.
11:37 of 2nd period - Shot Misses the Net.
11:39 of 2nd period - Shot by Brady Skjei.
11:39 of 2nd period - Shot Blocked by Patrick Kane.
11:41 of 2nd period - Shot by Brady Skjei.
11:41 of 2nd period - Stopped by Frederik Andersen with a rebound.
12:17 of 2nd period - Shot by Eetu Luostarinen.
12:17 of 2nd period - Stopped by Frederik Andersen without a rebound.
12:18 of 2nd period - Marcus Foligno wins face-off versus Derek Grant in CHICAGO Blackhawks zone.
12:27 of 2nd period - Josh Manson is hit by Jordan Martinook and loses puck.
13:35 of 2nd period - Brandon Saad is hit by Taylor Raddysh.
13:43 of 2nd period - Shot by Tyler Motte.
13:43 of 2nd period - Shot Misses the Net.
13:45 of 2nd period - Shot by Tyler Motte.
13:45 of 2nd period - Shot Misses the Net.
13:47 of 2nd period - Shot by Taylor Raddysh.
13:47 of 2nd period - Shot Misses the Net.
14:06 of 2nd period - Off-side.
14:07 of 2nd period - Matthew Tkachuk wins face-off versus Trent Frederic in neutral zone.
14:21 of 2nd period - Icing by Jake Walman.
14:22 of 2nd period - Adam Henrique wins face-off versus Tom Wilson in CHICAGO Blackhawks zone.
15:16 of 2nd period - Icing by Jonathan Toews.
15:17 of 2nd period - Steven Stamkos wins face-off versus Jonathan Toews in CHICAGO Blackhawks zone.
15:38 of 2nd period - Minor Penalty to Jonathan Toews for High sticking.
15:39 of 2nd period - Vincent Trocheck wins face-off versus Patrick Kane in CHICAGO Blackhawks zone.
16:46 of 2nd period - Shot by Ryan McDonagh.
16:46 of 2nd period - Shot Misses the Net.
16:48 of 2nd period - Shot by Ryan McDonagh.
16:48 of 2nd period - Stopped by Frederik Andersen without a rebound.
16:49 of 2nd period - Matthew Tkachuk wins face-off versus Patrick Kane in CHICAGO Blackhawks zone.
17:15 of 2nd period - Shot by Ryan McDonagh.
17:15 of 2nd period - Stopped by Frederik Andersen without a rebound.
17:16 of 2nd period - Vincent Trocheck wins face-off versus Patrick Kane in CHICAGO Blackhawks zone.
17:42 of 2nd period - Eetu Luostarinen is hit by Nicolas Hague and loses puck.
18:03 of 2nd period - Shot by Teuvo Teravainen.
18:03 of 2nd period - Goal by Teuvo Teravainen - CHICAGO Blackhawks : 3 - FLORIDA Panthers : 0.
18:04 of 2nd period - Ryan McLeod wins face-off versus Trent Frederic in neutral zone.
18:04 of 2nd period - Ryan McLeod is hit by Trent Frederic.
18:18 of 2nd period - Shot by Ryan McLeod.
18:18 of 2nd period - Stopped by Frederik Andersen without a rebound.
18:18 of 2nd period - Minor Penalty to Aaron Ekblad for Roughing.
18:19 of 2nd period - Steven Stamkos wins face-off versus Patrick Kane in CHICAGO Blackhawks zone.
18:20 of 2nd period - Shot by Matthew Tkachuk.
18:20 of 2nd period - Shot Blocked by Erik Johnson.
18:36 of 2nd period - Shot by Steven Stamkos.
18:36 of 2nd period - Shot Misses the Net.
19:36 of 2nd period - Shot by Brock Nelson.
19:36 of 2nd period - Stopped by Frederik Andersen without a rebound.
19:37 of 2nd period - Brock Nelson wins face-off versus Patrick Kane in CHICAGO Blackhawks zone.
19:37 of 2nd period - Minor Penalty to Erik Johnson for Slashing.
19:38 of 2nd period - Steven Stamkos wins face-off versus Patrick Kane in CHICAGO Blackhawks zone.
19:42 of 2nd period - Shot by Brady Skjei.
19:42 of 2nd period - Stopped by Frederik Andersen without a rebound.
19:43 of 2nd period - Vincent Trocheck wins face-off versus Patrick Kane in CHICAGO Blackhawks zone.
19:48 of 2nd period - Shot by Josh Morrissey.
19:48 of 2nd period - Shot Misses the Net.
19:50 of 2nd period - Shot by Dougie Hamilton.
19:50 of 2nd period - Stopped by Frederik Andersen with a rebound.
19:52 of 2nd period - Shot by Brock Nelson.
19:52 of 2nd period - Stopped by Frederik Andersen without a rebound.
19:53 of 2nd period - Steven Stamkos wins face-off versus Patrick Kane in CHICAGO Blackhawks zone.
Goals for this period are 2 for CHICAGO Blackhawks vs 0 for FLORIDA Panthers.
Shots for this period are 6 for CHICAGO Blackhawks vs 12 for FLORIDA Panthers.

3rd period


0:01 of 3rd period - Steven Stamkos wins face-off versus Patrick Kane in neutral zone.
0:10 of 3rd period - Shot by Josh Morrissey.
0:10 of 3rd period - Shot Misses the Net.
0:26 of 3rd period - Shot by Dougie Hamilton.
0:26 of 3rd period - Stopped by Frederik Andersen without a rebound.
0:27 of 3rd period - Vincent Trocheck wins face-off versus Patrick Kane in CHICAGO Blackhawks zone.
0:34 of 3rd period - Shot by Brady Skjei.
0:34 of 3rd period - Stopped by Frederik Andersen without a rebound.
0:35 of 3rd period - Patrick Kane wins face-off versus Vincent Trocheck in CHICAGO Blackhawks zone.
0:35 of 3rd period - Patrick Kane is hit by Brock Nelson.
1:00 of 3rd period - Shot by Brock Nelson.
1:00 of 3rd period - Shot Misses the Net.
1:16 of 3rd period - Shot by Conor Sheary.
1:16 of 3rd period - Stopped by Darcy Kuemper without a rebound.
1:17 of 3rd period - Teuvo Teravainen wins face-off versus Steven Stamkos in FLORIDA Panthers zone.
1:44 of 3rd period - Shot by Yegor Sharangovich.
1:44 of 3rd period - Stopped by Frederik Andersen without a rebound.
1:45 of 3rd period - Jonathan Toews wins face-off versus Adam Henrique in CHICAGO Blackhawks zone.
2:10 of 3rd period - Shot by Marcus Foligno.
2:10 of 3rd period - Deflect By Jonathan Toews.
2:10 of 3rd period - Shot Misses the Net.
2:12 of 3rd period - Shot by Marcus Foligno.
2:12 of 3rd period - Shot Misses the Net.
2:14 of 3rd period - Shot by Teuvo Teravainen.
2:14 of 3rd period - Stopped by Darcy Kuemper with a rebound.
2:16 of 3rd period - Shot by Jonathan Toews.
2:16 of 3rd period - Stopped by Darcy Kuemper without a rebound.
2:17 of 3rd period - Brock Nelson wins face-off versus Trent Frederic in FLORIDA Panthers zone.
2:17 of 3rd period - Brock Nelson is hit by Trent Frederic.
2:35 of 3rd period - Shot by Matthew Tkachuk.
2:35 of 3rd period - Stopped by Frederik Andersen without a rebound.
2:36 of 3rd period - Ryan Johansen wins face-off versus Vincent Trocheck in CHICAGO Blackhawks zone.
2:49 of 3rd period - Shot by Vincent Trocheck.
2:49 of 3rd period - Stopped by Frederik Andersen without a rebound.
2:50 of 3rd period - Jonathan Toews wins face-off versus Brock Nelson in CHICAGO Blackhawks zone.
2:50 of 3rd period - Aaron Ekblad is hit by Matthew Tkachuk and loses puck.
2:54 of 3rd period - Matt Roy is hit by Matthew Tkachuk and loses puck.
2:59 of 3rd period - Brock Nelson is hit by Jonathan Toews and loses puck.
3:09 of 3rd period - Marcus Foligno is hit by Brady Skjei and loses puck.
3:41 of 3rd period - Icing by Marcus Foligno.
3:42 of 3rd period - Jonathan Toews wins face-off versus Vincent Trocheck in CHICAGO Blackhawks zone.
4:03 of 3rd period - Shot by Carter Verhaeghe.
4:03 of 3rd period - Goal by Carter Verhaeghe - CHICAGO Blackhawks : 3 - FLORIDA Panthers : 1.
4:04 of 3rd period - Patrick Kane wins face-off versus Ryan McLeod in neutral zone.
4:40 of 3rd period - Shot by Jordan Martinook.
4:40 of 3rd period - Shot Misses the Net.
4:42 of 3rd period - Shot by Ryan McLeod.
4:42 of 3rd period - Stopped by Frederik Andersen without a rebound.
4:43 of 3rd period - Steven Stamkos wins face-off versus Trent Frederic in CHICAGO Blackhawks zone.
4:56 of 3rd period - Shot by Trent Frederic.
4:56 of 3rd period - Goal by Trent Frederic - CHICAGO Blackhawks : 4 - FLORIDA Panthers : 1.
4:57 of 3rd period - Vincent Trocheck wins face-off versus Jonathan Toews in neutral zone.
6:12 of 3rd period - Shot by Steven Stamkos.
6:12 of 3rd period - Shot Misses the Net.
6:17 of 3rd period - Off-side.
6:18 of 3rd period - Adam Henrique wins face-off versus Trent Frederic in neutral zone.
6:18 of 3rd period - Adam Henrique is hit by Tom Wilson.
6:24 of 3rd period - Shot by Matt Irwin.
6:24 of 3rd period - Shot Misses the Net.
6:34 of 3rd period - Shot by Adam Henrique.
6:34 of 3rd period - Shot Blocked by Josh Manson.
6:44 of 3rd period - Shot by Trent Frederic.
6:44 of 3rd period - Stopped by Darcy Kuemper with a rebound.
6:46 of 3rd period - Shot by Eric Robinson.
6:46 of 3rd period - Stopped by Darcy Kuemper without a rebound.
6:47 of 3rd period - Ryan Johansen wins face-off versus Steven Stamkos in FLORIDA Panthers zone.
6:52 of 3rd period - Shot by Patrick Kane.
6:52 of 3rd period - Deflect By Conor Sheary.
6:52 of 3rd period - Stopped by Darcy Kuemper with a rebound.
6:55 of 3rd period - Icing by Brady Skjei.
6:56 of 3rd period - Matthew Tkachuk wins face-off versus Ryan Johansen in FLORIDA Panthers zone.
7:07 of 3rd period - Shot by Matthew Tkachuk.
7:07 of 3rd period - Shot Blocked by Aaron Ekblad.
7:09 of 3rd period - Shot by Josh Morrissey.
7:09 of 3rd period - Goal by Josh Morrissey - CHICAGO Blackhawks : 4 - FLORIDA Panthers : 2.
7:10 of 3rd period - Jonathan Toews wins face-off versus Vincent Trocheck in neutral zone.
7:24 of 3rd period - Teuvo Teravainen is hit by Dougie Hamilton and loses puck.
7:34 of 3rd period - Teuvo Teravainen is hit by Dougie Hamilton and loses puck.
7:53 of 3rd period - Shot by Teuvo Teravainen.
7:53 of 3rd period - Stopped by Darcy Kuemper without a rebound.
7:54 of 3rd period - Steven Stamkos wins face-off versus Patrick Kane in FLORIDA Panthers zone.
7:54 of 3rd period - Steven Stamkos is hit by Patrick Kane.
8:03 of 3rd period - Shot by Steven Stamkos.
8:03 of 3rd period - Goal by Steven Stamkos - CHICAGO Blackhawks : 4 - FLORIDA Panthers : 3.
8:04 of 3rd period - Ryan Johansen wins face-off versus Steven Stamkos in neutral zone.
8:33 of 3rd period - Shot by Patrick Kane.
8:33 of 3rd period - Shot Misses the Net.
8:45 of 3rd period - Shot by Matthew Tkachuk.
8:45 of 3rd period - Shot Blocked by Aaron Ekblad.
8:47 of 3rd period - Shot by Brock Nelson.
8:47 of 3rd period - Stopped by Frederik Andersen without a rebound.
8:48 of 3rd period - Jonathan Toews wins face-off versus Vincent Trocheck in CHICAGO Blackhawks zone.
8:48 of 3rd period - Jonathan Toews is hit by Vincent Trocheck.
8:58 of 3rd period - Ryan McDonagh is hit by Marcus Foligno and loses puck.
9:04 of 3rd period - Off-side.
9:05 of 3rd period - Trent Frederic wins face-off versus Adam Henrique in neutral zone.
9:39 of 3rd period - Shot by Eetu Luostarinen.
9:39 of 3rd period - Shot Blocked by Josh Manson.
9:52 of 3rd period - Minor Penalty to Adam Henrique for Holding.
9:53 of 3rd period - Ryan Johansen wins face-off versus Vincent Trocheck in FLORIDA Panthers zone.
9:56 of 3rd period - Shot by Aaron Ekblad.
9:56 of 3rd period - Stopped by Darcy Kuemper without a rebound.
9:57 of 3rd period - Vincent Trocheck wins face-off versus Ryan Johansen in FLORIDA Panthers zone.
10:17 of 3rd period - Conor Sheary is hit by Brady Skjei and loses puck.
10:20 of 3rd period - Shot by Matt Roy.
10:20 of 3rd period - Shot Misses the Net.
10:22 of 3rd period - Shot by Patrick Kane.
10:22 of 3rd period - Stopped by Darcy Kuemper with a rebound.
11:17 of 3rd period - Ryan McDonagh is hit by Marcus Foligno and loses puck.
11:57 of 3rd period - Connor Murphy is hit by Tom Wilson and loses puck.
12:17 of 3rd period - Shot by Jordan Martinook.
12:17 of 3rd period - Goal by Jordan Martinook - CHICAGO Blackhawks : 4 - FLORIDA Panthers : 4.
12:18 of 3rd period - Patrick Kane wins face-off versus Vincent Trocheck in neutral zone.
12:43 of 3rd period - Shot by Patrick Kane.
12:43 of 3rd period - Shot Misses the Net.
13:00 of 3rd period - Icing by Tyler Motte.
13:01 of 3rd period - Adam Henrique wins face-off versus Patrick Kane in CHICAGO Blackhawks zone.
13:36 of 3rd period - Shot by Eetu Luostarinen.
13:36 of 3rd period - Stopped by Frederik Andersen with a rebound.
14:31 of 3rd period - Shot by Matthew Tkachuk.
14:31 of 3rd period - Shot Misses the Net.
14:33 of 3rd period - Shot by Matthew Tkachuk.
14:33 of 3rd period - Shot Misses the Net.
14:35 of 3rd period - Shot by Connor Murphy.
14:35 of 3rd period - Shot Misses the Net.
14:50 of 3rd period - Icing by Aaron Ekblad.
14:51 of 3rd period - Jonathan Toews wins face-off versus Vincent Trocheck in CHICAGO Blackhawks zone.
14:51 of 3rd period - Jonathan Toews is hit by Vincent Trocheck.
15:26 of 3rd period - Shot by Carter Verhaeghe.
15:26 of 3rd period - Stopped by Frederik Andersen without a rebound.
15:27 of 3rd period - Trent Frederic wins face-off versus Adam Henrique in CHICAGO Blackhawks zone.
15:27 of 3rd period - Trent Frederic is hit by Yegor Sharangovich.
15:39 of 3rd period - Shot by Jake Walman.
15:39 of 3rd period - Stopped by Darcy Kuemper with a rebound.
16:06 of 3rd period - Eetu Luostarinen is hit by Erik Johnson and loses puck.
16:30 of 3rd period - Icing by Matt Irwin.
16:31 of 3rd period - Steven Stamkos wins face-off versus Ryan Johansen in FLORIDA Panthers zone.
16:56 of 3rd period - Shot by Nicolas Hague.
16:56 of 3rd period - Stopped by Darcy Kuemper with a rebound.
16:58 of 3rd period - Shot by Patrick Kane.
16:58 of 3rd period - Shot Misses the Net.
17:04 of 3rd period - Shot by Conor Sheary.
17:04 of 3rd period - Shot Misses the Net.
17:06 of 3rd period - Shot by Ryan Johansen.
17:06 of 3rd period - Shot Blocked by Steven Stamkos.
17:23 of 3rd period - Matthew Tkachuk is hit by Matt Roy.
17:40 of 3rd period - Carter Verhaeghe is hit by Matt Roy and loses puck.
18:08 of 3rd period - Vincent Trocheck is hit by Aaron Ekblad and loses puck.
18:27 of 3rd period - Shot by Derek Grant.
18:27 of 3rd period - Stopped by Frederik Andersen without a rebound.
18:28 of 3rd period - Trent Frederic wins face-off versus Adam Henrique in CHICAGO Blackhawks zone.
18:37 of 3rd period - Icing by Adam Henrique.
18:38 of 3rd period - Adam Henrique wins face-off versus Ryan Johansen in FLORIDA Panthers zone.
19:05 of 3rd period - Shot by Conor Sheary.
19:05 of 3rd period - Stopped by Darcy Kuemper without a rebound.
19:06 of 3rd period - Steven Stamkos wins face-off versus Trent Frederic in FLORIDA Panthers zone.
19:06 of 3rd period - Steven Stamkos is hit by Tom Wilson.
19:29 of 3rd period - Shot by Eric Robinson.
19:29 of 3rd period - Stopped by Darcy Kuemper with a rebound.
19:31 of 3rd period - Shot by Trent Frederic.
19:31 of 3rd period - Shot Misses the Net.
19:47 of 3rd period - Matthew Tkachuk is hit by Eric Robinson and loses puck.
Goals for this period are 1 for CHICAGO Blackhawks vs 4 for FLORIDA Panthers.
Shots for this period are 14 for CHICAGO Blackhawks vs 14 for FLORIDA Panthers.

Overtime #1


0:01 of 1st overtime period - Vincent Trocheck wins face-off versus Jonathan Toews in neutral zone.
0:29 of 1st overtime period - Shot by Brock Nelson.
0:29 of 1st overtime period - Deflect By Vincent Trocheck.
0:29 of 1st overtime period - Stopped by Frederik Andersen without a rebound.
0:30 of 1st overtime period - Jonathan Toews wins face-off versus Vincent Trocheck in CHICAGO Blackhawks zone.
0:50 of 1st overtime period - Shot by Brock Nelson.
0:50 of 1st overtime period - Shot Hit the Post.
0:52 of 1st overtime period - Shot by Connor Murphy.
0:52 of 1st overtime period - Shot Misses the Net.
0:54 of 1st overtime period - Shot by Brock Nelson.
0:54 of 1st overtime period - Shot Misses the Net.
0:56 of 1st overtime period - Shot by Connor Murphy.
0:56 of 1st overtime period - Stopped by Frederik Andersen without a rebound.
0:57 of 1st overtime period - Vincent Trocheck wins face-off versus Jonathan Toews in CHICAGO Blackhawks zone.
1:14 of 1st overtime period - Shot by Teuvo Teravainen.
1:14 of 1st overtime period - Stopped by Darcy Kuemper without a rebound.
1:15 of 1st overtime period - Ryan Johansen wins face-off versus Eetu Luostarinen in FLORIDA Panthers zone.
1:16 of 1st overtime period - Shot by Conor Sheary.
1:16 of 1st overtime period - Shot Misses the Net.
1:28 of 1st overtime period - Shot by Jordan Martinook.
1:28 of 1st overtime period - Stopped by Frederik Andersen without a rebound.
1:29 of 1st overtime period - Jonathan Toews wins face-off versus Brock Nelson in CHICAGO Blackhawks zone.
1:38 of 1st overtime period - Shot by Teuvo Teravainen.
1:38 of 1st overtime period - Stopped by Darcy Kuemper without a rebound.
1:39 of 1st overtime period - Jonathan Toews wins face-off versus Brock Nelson in FLORIDA Panthers zone.
2:48 of 1st overtime period - Shot by Conor Sheary.
2:48 of 1st overtime period - Shot Blocked by Jordan Martinook.
3:27 of 1st overtime period - Shot by Eetu Luostarinen.
3:27 of 1st overtime period - Stopped by Frederik Andersen without a rebound.
3:28 of 1st overtime period - Vincent Trocheck wins face-off versus Jonathan Toews in CHICAGO Blackhawks zone.
3:43 of 1st overtime period - Shot by Jonathan Toews.
3:43 of 1st overtime period - Shot Misses the Net.
3:48 of 1st overtime period - Off-side.
3:49 of 1st overtime period - Ryan Johansen wins face-off versus Brock Nelson in neutral zone.
4:08 of 1st overtime period - Shot by Jordan Martinook.
4:08 of 1st overtime period - Shot Blocked by Aaron Ekblad.
4:25 of 1st overtime period - Icing by Conor Sheary.
4:26 of 1st overtime period - Vincent Trocheck wins face-off versus Ryan Johansen in CHICAGO Blackhawks zone.
4:42 of 1st overtime period - Shot by Eetu Luostarinen.
4:42 of 1st overtime period - Goal by Eetu Luostarinen - CHICAGO Blackhawks : 4 - FLORIDA Panthers : 5.
Goals for this period are 0 for CHICAGO Blackhawks vs 1 for FLORIDA Panthers.
Shots for this period are 2 for CHICAGO Blackhawks vs 5 for FLORIDA Panthers. Output by the SimonT Hockey Simulator (STHS) for Martin Benoit - Original Page W3C HTML5 Valid
Hockey Simulator - Hockey Simulation - Hockey Manager